 Dungeon Crawl Stone Soup version 0.27-a0-1149-g4505690ab0 (webtiles) character file.

Game seed: 9762601574330341097

58 Lekart the Skirmisher (level 3, -5/33 HPs)
             Began as a Draconian Chaos Knight on May 13, 2021.
             Was a Plaything of Xom.
             Slain by an ogre
             ... wielding a +0 giant club
              (13 damage)
             ... on level 2 of the Dungeon.
             The game lasted 00:02:24 (1285 turns).

Lekart the Skirmisher (Draconian Chaos Knight)      Turns: 1285, Time: 00:02:25

Health: -5/33      AC:  6    Str: 14    XL:     3   Next: 76%
Magic:  3/3        EV: 12    Int: 12    God:    Xom [*.....]
Gold:   37         SH:  0    Dex: 11    Spells: 2/2 levels left

rFire    . . .     SeeInvis .   a - +0 falchion (chaos)
rCold    . . .     Faith    .   (no shield)
rNeg     . . .     Spirit   .   (armour unavailable)
rPois    .         Reflect  .   (helmet restricted)
rElec    .         Harm     .   (no cloak)
rCorr    .         Rampage  .   j - +0 pair of gloves
Will     .....                  (no boots)
Stlth    +.........             (no amulet)
HPRegen  0.11/turn              (no ring)
MPRegen  0.08/turn              (no ring)

@: very slightly contaminated, invisible
A: AC +5, unfitting armour, cold-blooded
a: Renounce Religion


You were on level 2 of the Dungeon.
You worshipped Xom.
You were a special plaything of Xom.
You visited 1 branch of the dungeon, and saw 2 of its levels.

You collected 37 gold pieces.

Inventory:

Hand Weapons
 a - a +0 falchion of chaos (weapon)
Armour
 j - a +0 pair of gloves (worn)
Scrolls
 b - a scroll of blinking {unknown}
 d - a scroll of magic mapping {unknown}
 e - a scroll of fear {unknown}
 i - 3 scrolls of enchant weapon {unknown}
Potions
 c - a potion of brilliance {unknown}
 f - a potion of curing {unknown}
 g - a potion of attraction {unknown}
 h - a potion of heal wounds {unknown}
 k - a potion of berserk rage {unknown}


   Skills:
 * Level 4.2 Fighting
 + Level 3.5 Long Blades
 + Level 0.9 Throwing
 + Level 2.4 Dodging


You had 2 spell levels left.
You didn't know any spells.
Your spell library was empty.

Dungeon Overview and Level Annotations

Branches:
Dungeon (2/15)

Altars:


Innate Abilities, Weirdness & Mutations

Your plain brown scales are hard. (AC +5)
You cannot fit into any form of body armour.
You are cold-blooded and may be slowed by cold attacks.


Message History

Things that are here:
a jackal corpse; a rat corpse; a jackal corpse No target in view!
k - a metallic purple potion
Found a mace.
No target in view!
No target in view!
An ogre comes into view. It is wielding a +0 giant club.
The ogre shouts!
The ogre moves out of view.
No target in view!
An ogre is nearby! "See what I see, my child!"
You feel aware of your surroundings. The ogre barely misses you.
An ogre is nearby!
You hit the ogre but do no damage. The ogre hits you with a +0 giant club.
An ogre is nearby!
You hit the ogre but do no damage.
The ogre suddenly seems more agile.
The ogre hits you but does no damage.
You barely miss the ogre.
Your tail-slap misses the ogre.
The ogre misses you.
You hit the ogre. You burn the ogre.
The ogre is lightly wounded.
The ogre hits you with a +0 giant club!!
Ouch! That really hurt!
* * * LOW HITPOINT WARNING * * *
You are too injured to fight recklessly!
You are too injured to fight recklessly!
Okay, then.
Found 6 silver javelins. "Go forth and destroy!"
You fade into invisibility!
You are very lightly contaminated with residual magic.
You are now a special plaything of Xom.
You hit the ogre. Lightning courses through the ogre!
The ogre is severely wounded.
The ogre barely misses you.
You closely miss the ogre.
The ogre is severely wounded.
The ogre hits you with a +0 giant club!
You die...

* * , , ,* ,,,, ,*#+# ,* ,, ,,
#.# ,,,**################### #.#
,, ,.........).......###.#
**,****#.........####......# *,
, +...................# *
*#...................#
#.......O@..........####.#
##.......................#
#....##.............###### **
*####.........................
,,.........###............######
* ,.........'..............#
*,,.........###.........†..#
#####+#...,#....##......# **
*,#.##( .#........#.#


You could see an ogre (agile).

Vanquished Creatures
  2 adders (D:2)
  A dart slug (D:1)
  2 ball pythons (D:1)
  2 endoplasms (D:1)
  A giant cockroach (D:1)
  3 goblins (D:1)
  2 hobgoblins (D:1)
  5 jackals
  2 kobolds (D:1)
  2 quokkas (D:1)
  6 bats
  A frilled lizard (D:1)
  5 rats
34 creatures vanquished.

Notes
Turn   | Place    | Note
-------+----------+-------------------------------------------
     0 | D:1      | Lekart the Draconian Chaos Knight began the quest for the
                  | Orb.
     0 | D:1      | Reached XP level 1. HP: 19/19 MP: 1/1
    33 | D:1      | XOM: silly message
   136 | D:1      | Found a faded altar of an unknown god.
   149 | D:1      | Reached XP level 2. HP: 27/27 MP: 2/2
   501 | D:1      | XOM: potion effect (invisibility)
   519 | D:1      | Reached skill level 4 in Fighting
   691 | D:1      | XOM: 4-stop teleportation journey
   952 | D:2      | Reached XP level 3. HP: 33/33 MP: 3/3
  1145 | D:2      | XOM: blink monster(s)
  1270 | D:2      | Noticed an ogre
  1272 | D:2      | XOM: divination: magic mapping
  1280 | D:2      | XOM: potion effect (invisibility)
  1285 | D:2      | Slain by an ogre

Illustrated notes

Levels and vault maps discovered:
D:1:      dpeg_arrival_tiny_b, layout_loops_ring,
          chequers_ecumenical_altar_simple
D:2:      layout_basic, minmay_statues_item

Skill      XL: |  1  2 |
---------------+-------+-----
Fighting       | 4 |  4.2
Long Blades    | |  3.5
Throwing       | |  0.9
Dodging        | |  2.4

Action                   || total
-------------------------++-------
Melee: Falchion          ||    61
       Tailslap          ||     3
Throw: Boomerang         ||    40
Armor: Skin              ||    55
Dodge: Dodged            ||    90
       Rpst.: Falchion   ||    29

Table legend: (Time is in decaauts)
 A = Elapsed time spent in this place.
 B = Non-inter-level travel time spent in this place.
 C = Inter-level travel time spent in this place.
 D = Time resting spent in this place.
 E = Time spent auto-exploring this place.
 F = Levels seen in this place.
 G = Mean time per level.
                   A        B        C        D        E       F      G
               +--------+--------+--------+--------+--------+-----+--------+
         Total |   1304 |   1227 |     77 |      0 |   1002 |   2 |  652.0 |
       Dungeon |   1304 |   1227 |     77 |      0 |   1002 |   2 |  652.0 |
               +--------+--------+--------+--------+--------+-----+--------+

Top non-repeatable levels by time:
     D:1: 920 daAuts
     D:2: 384 daAuts
